Unix NetHack Version 3.7.0-97 Work-in-progress - last build Jan 28 2024 04:41:54 (eae211b052f4c4d875b52ed558e44d2f93f0896c,branch:master). Game began 2024-02-03 15:33:00, ended 2024-02-04 10:38:52. spontiff, neutral male gnomish Healer ----- ...<------ ..|..[[... -.|------- |.-- |..|. --...-- ......... ....-......... ................ ..- -.........--..... --..----...|....--|....- ---.....|..----...---....| --..........---|-........---- --->............--.e..........---- ....................@.....^....^.| --..................d...........| --...........--.--..........---- |..........-------..--....-- --.|.---.--- ------.--- ----- --- --- Spontiff the Rhizotomist St:11 Dx:10 Co:16 In:10 Wi:17 Ch:16 Neutral S:990 Dlvl:7 $:280 HP:0(25) Pw:5(5) AC:4 Xp:1/0 T:2796 Latest messages: The hill orc picks up 3 rocks. Baneagris of Azuthos puts on a hooded cloak. The large dog bites the gecko. The gecko is killed! Baneagris of Azuthos picks up a pair of hard shoes. The large dog bites Baneagris of Azuthos. Baneagris of Azuthos misses the large dog. What do you want to use or apply? [abfjloswxSZ or ?*] s In what direction? n Status of Baneagris of Azuthos (chaotic, medium): Level 1 HP 2(8) AC 11. The large dog bites Baneagris of Azuthos. Baneagris of Azuthos is killed! The hill orc picks up a dagger. $ - 201 gold pieces. r - a candle. The hill orc wields a dagger! The large dog bites the hill orc. The hill orc is killed! You swap places with your large dog. The large dog bites the grid bug. The grid bug is killed! There are several objects here. You climb up the stairs. What do you want to use or apply? [abfjlorswxSZ or ?*] x Your candle's flame burns brightly! You hear a distant zap. The rock piercer just misses! The large dog bites the rock piercer. The large dog misses the rock piercer. The large dog bites the rock piercer. The rock piercer misses the large dog. The large dog bites the rock piercer. The large dog bites the rock piercer. The rock piercer is killed! $ - 79 gold pieces (280 in total). t - a curved wand. You see here a rock piercer corpse. What do you want to use or apply? [abfjlor-twxSZ or ?*] x You snuff out your candle. There is a rock piercer corpse here; eat it? [ynq] (n) y This rock piercer corpse tastes terrible! You finish eating the rock piercer corpse. #hmm: unknown extended command. What do you want to take off? [ghqv or ?*] q You were wearing a +0 hooded cloak. What do you want to zap? [tS or ?*] ? In what direction? . Your new form doesn't seem healthy enough to survive. Do you want your possessions identified? [ynq] (y) y Do you want to see the dungeon overview? [ynq] (y) y Inventory: Coins $ - 280 gold pieces Weapons k - an uncursed +0 dagger K - an uncursed +0 scalpel Armor h - an uncursed +0 orcish helm (being worn) g - an uncursed +1 pair of leather gloves (being worn) v - an uncursed +1 pair of iron shoes (being worn) m - an uncursed +0 cloak of displacement q - an uncursed +0 dwarvish cloak Comestibles y - 5 uncursed apples a - a cursed cream pie (wielded) n - 4 uncursed food rations p - a cursed tripe ration Potions c - an uncursed potion of extra healing Wands t - an uncursed wand of polymorph (0:5) S - an uncursed wand of sleep (0:5) Tools f - an uncursed bag of holding containing 32 items Z - a cursed bag of tricks (0:19) j - an uncursed expensive camera named PoSl (0:89) o - an uncursed magic whistle w - an uncursed mirror s - an uncursed stethoscope r - an uncursed tallow candle x - an uncursed partly used tallow candle b - 4 uncursed wax candles Gems/Stones E - an uncursed sapphire d - an uncursed worthless piece of blue glass e - an uncursed worthless piece of green glass i - an uncursed worthless piece of orange glass l - an uncursed flint stone Contents of the bag of holding: 2327 gold pieces an uncursed +0 dart an uncursed +0 pair of gauntlets of power an uncursed +0 dwarvish cloak an uncursed +0 dwarvish cloak 4 uncursed cram rations 3 uncursed food rations 2 uncursed scrolls of blank paper an uncursed scroll of destroy armor an uncursed scroll of earth an uncursed scroll of fire an uncursed scroll of genocide an uncursed scroll of light a cursed scroll of punishment an uncursed scroll of teleportation a cursed scroll of teleportation a blessed spellbook of extra healing a blessed spellbook of healing an uncursed spellbook of slow monster a blessed spellbook of stone to flesh 3 uncursed potions of extra healing an uncursed potion of gain level an uncursed potion of speed a cursed potion of speed an uncursed ring of warning 2 uncursed chrysoberyl stones an uncursed emerald 2 uncursed worthless pieces of black glass an uncursed worthless piece of violet glass an uncursed worthless piece of white glass an uncursed worthless piece of yellow glass 2 uncursed worthless pieces of yellowish brown glass Spontiff the Healer's attributes: Background: You were a Rhizotomist, a level 1 male gnomish Healer. You were neutral, on a mission for Hermes who was opposed by Athena (lawful) and Poseidon (chaotic). You were left-handed. You were in the Gnomish Mines, on level 7. You entered the dungeon 2796 turns ago. You had 0 experience points, 20 were needed to attain level 2. Your score was 990 before end-of-game adjustments. Basics: You had 0 out of 25 hit points. You had all 5 energy points (spell power). Your armor class was 4. Your wallet contained 280 zorkmids, and you had 2327 more stashed away in your pack. Autopickup was on for '$!/="?' plus thrown, with exceptions. Final Characteristics: Your strength was 11 (limit:18/50). Your dexterity was 10 (limit:18). Your constitution was 16 (limit:18). Your intelligence was 10 (limit:19). Your wisdom was 17 (peak:18, limit:18). Your charisma was 16 (limit:18). Final Status: You weren't hungry. You were unencumbered. You were wielding some food. Final Attributes: You were devoutly aligned. You were sleep resistant. You were poison resistant. You had infravision. You are dead. Miscellaneous: You never encountered a bones level. Total elapsed playing time was 1 hour, 18 minutes and 18 seconds. Major events: Turn 1: spontiff the neutral male gnomish Healer entered the dungeon 839: entered the Gnomish Mines 2073: reached Mine Town 2796: killed by an unsuccessful polymorph Vanquished creatures: a giant spider a Mordor orc an Uruk-hai a rock piercer a shrieker 2 gnome leaders a straw golem a paper golem 7 dwarves a homunculus 4 hill orcs a giant bat 5 iguanas 3 coyotes a gas spore 4 hobbits 2 large kobolds 3 orcs 3 giant rats 2 yellow molds a red mold 6 gnomes 7 geckos 4 jackals 2 foxes 2 kobolds a goblin 13 sewer rats 6 grid bugs 2 bats 4 lichens 2 kobold zombies 6 newts 101 creatures vanquished. No species were genocided or became extinct. Voluntary challenges: You never hit with a wielded weapon. You were a pacifist. You were illiterate. You never engraved Elbereth. You never genocided any monsters. You never polymorphed an object. You never changed form. You used no wishes. Achievements: You entered the Gnomish Mines. You entered Minetown. The Dungeons of Doom: levels 1 to 3 Level 1: A fountain. Level 2: "invisible succubus about" Some fountains, a sink. Stairs down to The Gnomish Mines. Level 3: The Gnomish Mines: levels 3 to 8 Level 3: "magic trap" Level 4: Level 5: Level 6: Level 7: <- You were here. Final resting place for you, killed by an unsuccessful polymorph. Level 8: Game over: ---------- / \ / REST \ / IN \ / PEACE \ / \ | spontiff | | 2607 Au | | killed by an | | unsuccessful | | polymorph | | | | 2024 | *| * * * | * _________)/\\_//(\/(/\)/\//\/|_)_______ Goodbye spontiff the Healer... You died in The Gnomish Mines on dungeon level 7 with 926 points, and 2607 pieces of gold, after 2796 moves. You were level 1 with a maximum of 25 hit points when you died.